 Dungeon Crawl Stone Soup version 0.32-a0-473-gd044c6f0f0 (webtiles) character file.

Game seed: 15222981058378091228

1350183 ragingrage the Ex Machina (level 27, 235/235 HPs)
             Began as a Coglin Warper on Feb 26, 2024.
             Was an Initiate of Gozag.
             Escaped with the Orb
             ... and 3 runes!
             The game lasted 01:45:32 (110036 turns).

ragingrage the Ex Machina (Coglin Warper)         Turns: 110036, Time: 01:45:33

Health: 235/235    AC: 28    Str: 26 (27) XL:     27
Magic:  32/32      EV: 24    Int:  6 (9)  God:    Gozag
Gold:   7209       SH:  0    Dex: 18 (19) Spells: 27/38 levels left

rFire   + + .        p - +9 demon whip (freeze) {Nenetl}
rCold   + . .        W - +7 sceptre of Torment {pain, torment}
rNeg    . . .        E - +7 faerie dragon scales {rF+ rCorr Str+4}
rPois   +            D - +2 hat "Ukhlurar" {rPois Str+4 Int-3 SInv}
rElec   .            c - +2 cloak {Stlth+}
rCorr   +            U - +2 pair of gloves
SInv    +            q - +2 pair of boots {rampage}
Will    ++...        y - amulet of regeneration
Stlth   ++           (ring unavailable)
HPRegen 1.39/turn    (ring unavailable)
MPRegen 0.23/turn

%: random rage (3%), rampage
@: studying Long Blades, bribing [the Dungeon, the Vaults, the Depths]
A: cold resistance 1, fire resistance 1, off-hand wielding, slow wielding,
warmup strikes, no rings, horns 1, berserk 1, deterioration 1, dopey 1, no
potion heal 1, subdued magic 1, persistent drain
0: Orb of Zot
}: 3/15 runes: barnacled, silver, gossamer
a: Renounce Religion, Potion Petition, Call Merchant, Bribe Branch


You escaped.
You worshipped Gozag.
Gozag was greatly pleased with you.
You visited 10 branches of the dungeon, and saw 48 of its levels.
You visited the Abyss 1 time.
You visited 1 bazaar.
You also visited: Sewer, Ossuary, Ice Cave and Wizlab.

You collected 24232 gold pieces.
You spent 2950 gold pieces at shops.
You paid 14073 gold pieces to Gozag.

Inventory:

Hand Weapons
 p - a +9 demon whip of freezing (weapon) {Nenetl}
 W - the +7 sceptre of Torment (offhand) {pain, torment}
   (You bought it in a shop on level 3 of the Dungeon)
Missiles
 g - 16 javelins
 s - 11 curare-tipped darts
 J - 7 throwing nets
 S - 6 silver javelins
Armour
 c - a +2 cloak of stealth (worn)
 q - a +2 pair of boots of rampaging (worn)
 t - the +3 leather armour "Cyry" {Will++ rCorr}
   (You found it on level 2 of the Dungeon)

   Will++:    It greatly increases your willpower.
   rCorr:     It protects you from acid and corrosion.
 D - the +2 hat "Ukhlurar" (worn) {rPois Str+4 Int-3 SInv}
   (You found it on level 4 of the Spider Nest)

   Str+4:     It affects your strength (+4).
   Int-3:     It affects your intelligence (-3).
   rPois:     It protects you from poison SInv: It lets you see invisible.
 E - the +7 faerie dragon scales (worn) {rF+ rCorr Str+4}
   (You took it off the Enchantress on level 1 of the Depths)

   Str+4:     It affects your strength (+4).
   rF+:       It protects you from fire.
   rCorr:     It protects you from acid and corrosion.
 U - a +2 pair of gloves (worn)
Jewellery
 y - an amulet of regeneration (around neck)
Wands
 m - a wand of paralysis (56)
 x - a wand of digging (9)
 V - a wand of acid (17)
 X - a wand of iceblast (44)
 Y - a wand of mindburst (29)
Scrolls
 a - 5 scrolls of teleportation
 b - 4 scrolls of revelation
 d - a scroll of summoning
 e - 8 scrolls of blinking
 f - 4 scrolls of silence
 k - 14 scrolls of vulnerability
 o - 6 scrolls of enchant weapon
 v - 13 scrolls of noise
 w - 9 scrolls of fog
 C - 7 scrolls of fear
 G - 9 scrolls of poison
 M - 3 scrolls of amnesia
 Q - 10 scrolls of immolation
 R - 5 scrolls of torment
Potions
 h - 7 potions of cancellation
 i - 8 potions of heal wounds
 l - 17 potions of curing
 n - 14 potions of brilliance
 r - 6 potions of enlightenment
 u - 14 potions of lignification
 z - 17 potions of ambrosia
 A - 7 potions of magic
 B - 6 potions of might
 F - 4 potions of haste
 H - a potion of berserk rage
 I - 11 potions of mutation
 K - 4 potions of invisibility
 P - 3 potions of resistance
 T - 4 potions of attraction
Miscellaneous
 L - a lightning rod (4/4)
 N - a condenser vane
 O - a sack of spiders (inert)
 Z - a phial of floods


   Skills:
 + Level 23.2 Fighting
 - Level 3.7 Long Blades
 - Level 16.0 Maces & Flails
 - Level 14.0 Throwing
 - Level 11.3 Armour
 + Level 19.4 Dodging
 - Level 4.9 Stealth
 - Level 6.0 Spellcasting
 - Level 11.0 Necromancy
 - Level 12.0 Translocations
 O Level 27 Evocations


You had 27 spell levels left.
You knew the following spells:

 Your Spells              Type           Power      Damage    Failure   Level
a - Fugue of the Fallen   Necr           11%        N/A       1%          3
b - Lesser Beckoning      Tloc           24%        N/A       1%          2
c - Blink                 Tloc           24%        N/A       1%          2
d - Manifold Assault      Tloc           12%        N/A       1%          4

Your spell library contained the following spells:

 Spells                   Type           Power      Damage    Failure   Level
 Apportation              Tloc           24%        N/A       1%          1
 Necrotise                Necr           44%        1d6       1%          1
 Gell's Gravitas          Tloc           12%        N/A       1%          3
 Teleport Other           Tloc           12%        N/A       1%          3
 Vampiric Draining        Necr           11%        2d6       1%          3
 Kiss of Death            Conj/Necr      24%        2d7       2%          1
 Momentum Strike          Conj/Tloc      12%        3d8       3%          2
 Volatile Blastmotes      Fire/Tloc      12%        2d11      6%          3
 Curse of Agony           Necr           11%        N/A       8%          5
 Cigotuvi's Dreadful Rot  Necr/Alch/Air  8%         N/A       9%          2
 Iskenderun's Mystic Bla  Conj/Tloc      6%         2d4       22%         4
 Vhi's Electric Charge    Tloc/Air       12%        N/A       22%         4
 Freeze                   Ice            4%         1d3       26%         1
 Magic Dart               Conj           4%         1d3       26%         1
 Shock                    Conj/Air       4%         1d3       26%         1
 Slow                     Hex            4%         N/A       26%         1
 Sting                    Conj/Alch      4%         1d3       26%         1
 Summon Small Mammal      Summ           4%         N/A       26%         1
 Anguish                  Hex/Necr       3%         N/A       28%         4
 Dispersal                Tloc           6%         N/A       30%         6
 Call Imp                 Summ           2%         N/A       38%         2
 Ensorcelled Hibernation  Hex/Ice        2%         N/A       38%         2
 Jinxbite                 Hex            2%         N/A       38%         2
 Mercury Vapours          Alch/Air       2%         N/A       38%         2
 Scorch                   Fire           2%         2d5       38%         2
 Searing Ray              Conj           2%         2d4       38%         2
 Static Discharge         Conj/Air       2%         3-4/arc   38%         2
 Summon Forest            Summ/Tloc      3%         N/A       54%         5
 Borgnjor's Vile Clutch   Necr/Erth      3%         N/A       61%         5
 Confusing Touch          Hex            1%         N/A       63%         3
 Dazzling Flash           Conj/Hex       2%         N/A       63%         3
 Frozen Ramparts          Ice            2%         1d1       63%         3
 Hailstorm                Conj/Ice       1%         3d5       63%         3
 Inner Flame              Hex/Fire       1%         N/A       63%         3
 Mephitic Cloud           Conj/Alch/Air  1%         N/A       63%         3
 Ozocubu's Armour         Ice            1%         N/A       63%         3
 Sigil of Binding         Hex            1%         N/A       63%         3
 Summon Ice Beast         Ice/Summ       1%         N/A       63%         3
 Swiftness                Air            1%         N/A       63%         3
 Airstrike                Air            0%         2d(1-17)  96%         4
 Animate Armour           Summ/Erth      2%         N/A       96%         4
 Brom's Barrelling Bould  Conj/Erth      1%         2d3       96%         4
 Cause Fear               Hex            0%         N/A       96%         4
 Flame Wave               Conj/Fire      1%         2d4       96%         4
 Fulminant Prism          Conj/Alch      0%         3d5       96%         4
 Ignite Poison            Fire/Alch      1%         N/A       96%         4
 Olgreb's Toxic Radiance  Alch           1%         N/A       96%         4
 Sticky Flame             Fire/Alch      1%         2d4       96%         4
 Summon Blazeheart Golem  Fire/Summ      1%         N/A       96%         4
 Summon Lightning Spire   Summ/Air       1%         N/A       96%         4
 Alistair's Intoxication  Alch           0%         N/A       100%        5
 Arcjolt                  Conj/Air       0%         1d10      100%        5
 Fireball                 Conj/Fire      0%         3d3       100%        5
 Freezing Cloud           Conj/Ice/Air   0%         6-21      100%        5
 Iskenderun's Battlesphe  Conj           1%         2d6       100%        5
 Lee's Rapid Deconstruct  Erth           0%         3d4*      100%        5
 Silence                  Hex/Air        0%         N/A       100%        5
 Summon Mana Viper        Hex/Summ       1%         N/A       100%        5
 Yara's Violent Unravell  Hex/Alch       0%         3d3       100%        5
 Conjure Ball Lightning   Conj/Air       0%         3x3d6     100%        6
 Eringya's Noxious Bog    Alch           0%         4d6       100%        6
 Plasma Beam              Fire/Air       0%         2x1d10    100%        6
 Sculpt Simulacrum        Ice/Alch       0%         N/A       100%        6
 Starburst                Conj/Fire      0%         6d3       100%        6
 Summon Cactus Giant      Summ           0%         N/A       100%        6
 Enfeeble                 Hex            0%         N/A       100%        7
 Orb of Destruction       Conj           0%         9d5       100%        7
 Ozocubu's Refrigeration  Ice            0%         4d7       100%        7
 Spellforged Servitor     Conj/Summ      0%         N/A       100%        7
 Discord                  Hex            0%         N/A       100%        8
 Ignition                 Fire           0%         3d3       100%        8
 Maxwell's Capacitive Co  Air            0%         ∞         100%        8
 Chain Lightning          Conj/Air       0%         2d1       100%        9
 Dragon's Call            Summ           0%         N/A       100%        9
 Polar Vortex             Ice            0%         N/A       100%        9
 Shatter                  Erth           0%         3d5*      100%        9


Dungeon Overview and Level Annotations

Branches:
Dungeon (15/15)            Temple (1/1) D:5            Lair (5/5) D:10
 Shoals (4/4) Lair:2       Spider (4/4) Lair:2        Slime (0/5) Lair:5
    Orc (2/2) D:12            Elf (3/3) Orc:2        Vaults (5/5) D:13
  Crypt (0/3) Vaults:3     Depths (4/4) D:15            Zot (5/5) Depths:4
  Sewer (visited)         Ossuary (visited)           IceCv (visited)
 WizLab (visited)

Altars:
Ashenzari
Cheibriados
Dithmenos
Elyvilon
Fedhas
Gozag
Hepliaklqana
Kikubaaqudgha
Makhleb
Nemelex Xobeh
Okawaru
Qazlal
Ru
Sif Muna
Trog
Uskayaw
Vehumet
Wu Jian
Xom
Yredelemnul
Zin
The Shining One
Beogh

Shops:
D:1 *   D:2 !   D:3 =*(:   Orc:2 [*(:   Elf:3 ?[   Shoals:2 [   Vaults:3 =
Zot:2 *   Depths:1 !

Portals:
Hell: Depths:1 Depths:2 Depths:3 Depths:4
Abyss: Depths:1 Depths:3 Depths:4
Pandemonium: Depths:1 Depths:2
Ziggurat: Depths:4

Annotations:
Lair:5 1 runed translucent door, LobsterGuardian's ghost, journeyman DrSh
Spider:3 3 runed translucent doors, gosagan's ghost, adept DECj
Abyss:1 Roxanne; Urug


Innate Abilities, Weirdness & Mutations

Your flesh is cold resistant. (rC+)
Your flesh is heat resistant. (rF+)
You can wield a second weapon in your off-hand.
It takes a long time for you to wield or remove held weapons.
Your first few attacks do less damage.
Your grasper-arms cannot wear rings.
You have a pair of small horns on your head.
You sometimes lose your temper in combat.
Your body sometimes deteriorates upon taking damage.
You are dopey. (Int -2)
Potions are less effective at restoring your health.
Your spells are a little easier to cast, but a little less powerful.
Your health recovers twice as slowly from being drained.


Message History

You impale the Executioner with the +7 sceptre of Torment!!
You kill the Executioner!
You completely miss the large abomination with your +9 demon whip of freezing.
You headbutt the large abomination.
You stick the large abomination like a pincushion with the +7 sceptre of Torment!!!
You destroy the large abomination!
The lorocyproca is distracted by your dazzling golden aura.
The rakshasa is distracted by your dazzling golden aura.
There is a stone staircase leading up here.
The lorocyproca is no longer distracted by gold.
You climb upwards.
There is a stone staircase leading down here.
There are no items here.
(D) Dungeon (T) Temple (L) Lair (A) Shoals (N) Spider Nest (M) Slime Pits (O) Orcish Mines (E) Elven Halls (V) Vaults (C) Crypt (U) Depths (H) Hell (Z) Zot
Where to? (Tab/Enter - D:1 @ (x,y), ? - help)
What level of the Dungeon? (default 1, ? - help)
Your Orb Guardian grins greedily, jangling a coin purse.
An Orb Guardian comes into view.
No target in view!
No target in view!
No target in view!
(D) Dungeon (T) Temple (L) Lair (A) Shoals (N) Spider Nest (M) Slime Pits (O) Orcish Mines (E) Elven Halls (V) Vaults (C) Crypt (U) Depths (H) Hell (Z) Zot
Where to? (Tab/Enter - D:1 @ (x,y), ? - help)
There is a stone staircase leading up here.
You climb upwards.
There is a stone staircase leading down here.
There is a stone staircase leading up here.
You climb upwards.
There is a stone staircase leading down here.
There is a stone staircase leading up here.
You climb upwards.
There is a stone staircase leading down here.
There is a staircase leading out of the dungeon here.
You have escaped!

..#.......#.# #..#### #.#
............###.....# #.#
#.#.................## #.#
#.#...........♣♣.♣♣..######.## #
#.#.........♣♣♣♣.♣♣♣♣......#.# #
#.#######>.♣♣♣♣∩.∩♣♣♣♣.>###.## #
#.#######..♣♣∩.....∩♣♣..# ### #
#.........♣♣∩..♣♣♣..∩♣♣.#########
###.......♣♣∩..X@...∩♣♣..........
#.#####.♣♣∩..♣♣♣..∩♣♣.#########
#)# #...♣♣∩.....∩♣♣..#
#.####.>.♣♣♣.∩∩∩♣.♣♣.>#
#.........♣.♣♣♣♣♣...###
#.#####.#...♣♣♣♣♣..## ##
#.#####.#.#.......## #.
#.#.#.....#.####### #.
#..#..#.....############## #.


You could see a friendly Orb Guardian.

Vanquished Creatures
  4 dread liches
  5 orbs of fire
  5 ancient liches
  Mara (Shoals:3)
  Josephina (Zot:2)
  Sojobo (Vaults:4)
  Vv (Zot:1)
  Parghit (Zot:3)
  7 Killer Klowns (Zot:5)
  6 curse toes
  A caustic shrike (Depths:2)
  12 golden dragons
  A pandemonium lord (Depths:1)
  the Enchantress (Depths:1)
  Norris (Vaults:4)
  Arachne (Spider:2)
  6 electric golems
  13 tentacled monstrosities
  Jorgrun (Shoals:3)
  Zenata (Vaults:4)
  A lich (Vaults:2)
  Mlioglotl (Spider:3)
  Rupert (Spider:1)
  6 deep elf blademasters
  4 titans (Vaults:5)
  26 Orb Guardians
  5 deep elf master archers (Elf:3)
  5 quicksilver dragons
  A walking frostbound tome (Depths:2)
  A death cob (Zot:2)
  10 sphinxes
  2 Executioners
  Agnes (Spider:2)
  10 tengu reavers
  8 shadow dragons
  12 storm dragons
  7 protean progenitors
  9 draconian monks
  Ilsuiw (Shoals:2)
  10 frost giants
  4 draconian shifters
  7 draconian scorchers
  A deep elf sorcerer (Elf:3)
  4 draconian knights
  6 emperor scorpions
  7 fire giants
  6 balrugs
  6 deep elf elementalists
  11 vault wardens
  9 ghost moths
  6 ironbound preservers
  A cacodemon (Depths:1)
  9 draconian stormcallers
  16 stone giants
  2 broodmothers (Spider:4)
  3 orc warlords
  5 spriggan defenders
  3 formless jellyfish
  15 very ugly things
  5 ironbound thunderhulks
  8 draconian annihilators
  12 black draconians
  6 deep elf demonologists
  18 purple draconians
  8 green draconians
  13 red draconians
  An ophan (Abyss:2)
  12 dire elephants
  2 deep elf death magi (Elf:3)
  6 white draconians
  9 yellow draconians
  6 deep elf annihilators
  3 war gargoyles
  4 spark wasps
  Snorg (D:10)
  8 blizzard demons
  7 statues (WizLab)
  9 ettins
  A crystal guardian (Vaults:3)
  A ragged hierophant (Elf:2)
  8 merfolk impalers
  3 fire dragons
  2 entropy weavers
  3 deep elf high priests
  8 merfolk javelineers (Shoals:4)
  10 hydras
  2 great orbs of eyes
  8 yaktaur captains
  A quicksilver dragon zombie (D:15)
  28 vault guards
  3 ice dragons
  3 peacekeepers
  A caustic shrike simulacrum (IceCv)
  8 spriggan air magi
  The ghost of ezpacito the Trooper, a journeyman DsCK of Xom (D:9)
  4 rakshasas
  6 ironbound frosthearts
  3 merfolk avatars
  Harold (Lair:2)
  A two-headed ogre (shapeshifter) (Depths:4)
  10 centaur warriors
  An ogre mage (Vaults:3)
  3 alligator snapping turtles (Shoals:4)
  A death yak (Lair:5)
  A merfolk aquamancer (Shoals:4)
  25 dancing weapons
  5 boulder beetles
  2 radroaches
  3 two-headed ogres
  4 vampire magi
  6 deep troll shamans
  3 tengu warriors
  5 orc high priests
  6 demonic crawlers
  5 spriggan berserkers
  8 deep troll earth magi
  An occultist (Depths:3)
  A hell knight (Vaults:2)
  A storm dragon zombie (D:15)
  Nergalle (Lair:1)
  13 deep elf knights
  A titan skeleton (Depths:1)
  2 wretched stars (Abyss:2)
  6 skysharks
  6 pharaoh ants
  2 sun demons (Depths:3)
  2 goliath frogs (Zot:1)
  A shadow wraith (Vaults:5)
  Lodul (D:13)
  5 iron trolls
  11 skeletal warriors
  A spectral anaconda (Lair:5)
  3 arcanists (Vaults:4)
  8 sea snakes
  32 deep trolls
  2 obsidian statues
  10 orb spiders
  4 glowing orange brains
  A sun moth (Spider:1)
  12 lindwurms
  27 deep elf pyromancers
  Pikel (D:4)
  A bog body (IceCv)
  9 steelbarb worms
  5 deep elf archers
  9 ironbound convokers
  23 deep elf zephyrmancers
  3 phantasmal warriors
  4 spriggan simulacra (IceCv)
  17 harpies
  8 necromancers
  43 ugly things
  16 orc knights
  Maurice (D:10)
  10 wolf spiders
  A faun (Shoals:3)
  6 orc sorcerers
  8 manticores
  A worldbinder (Abyss:2)
  9 meliai
  5 cyclopes
  2 large abominations
  21 moths of wrath
  3 water nymphs
  3 kobold blastminers (Orc:1)
  6 elephants
  A black mamba (shapeshifter) (Elf:1)
  A frost giant skeleton (Depths:1)
  16 vault sentinels
  2 black mambas
  7 merfolk sirens
  A cane toad (shapeshifter) (Elf:1)
  3 gargoyles
  3 smoke demons
  2 unseen horrors (D:12)
  5 rime drakes
  7 torpor snails
  12 cane toads
  A hellion (Depths:1)
  A kobold demonologist (D:11)
  Jeremiah (D:8)
  30 yaktaurs
  5 anaconda simulacra
  7 komodo dragons
  4 freezing wraiths
  9 ice devils
  19 tengu conjurers
  An ancient zyme (Abyss:2)
  2 golden dragon simulacra
  A queen bee (shapeshifter) (D:14)
  A queen bee (D:9)
  17 merfolk
  6 trolls
  The ghost of cforsyth the Trooper, an amateur CoBr of Lugonu (D:5)
  2 polar bears (Lair:4)
  The ghost of AutarchDCSS the Slasher, an amateur CoMo (D:3)
  2 alligator simulacra
  6 hornets
  2 glass eyes (Zot:1)
  2 saltlings (Elf:2)
  2 draconian simulacra (Zot:2)
  25 tarantellas
  17 blink frogs
  24 slime creatures
  A snapping turtle (shapeshifter) (Vaults:3)
  4 wind drakes
  6 dream sheep (Lair:5)
  32 jumping spiders
  4 snapping turtles
  2 air elementals
  A centaur simulacrum (D:15)
  An ettin skeleton (Depths:1)
  26 culicivoras
  36 yaks
  4 ynoxinuls
  A spriggan (shapeshifter) (Elf:1)
  14 water elementals
  A dire elephant simulacrum (IceCv)
  7 wyverns
  5 shadows
  8 wraiths
  10 spriggans
  7 fire elementals
  2 basilisks
  4 humans (D:13)
  A fire bat (shapeshifter) (D:14)
  A death yak simulacrum (Lair:5)
  A steam dragon (Lair:2)
  9 minotaur simulacra
  50 redbacks
  4 vampire mosquitoes (D:11)
  2 harpy simulacra (IceCv)
  3 acid dragons
  14 water moccasins
  3 hell hounds (Abyss:2)
  A moth of wrath simulacrum (Zot:2)
  Duvessa (D:6)
  29 orc warriors
  An ice beast (D:7)
  A black bear (D:10)
  8 ogres
  A boggart (shapeshifter) (Depths:2)
  5 boggarts (Vaults:1)
  5 centaurs
  A phantom (D:6)
  A lemure (D:4)
  3 weeping skulls (Abyss:2)
  2 kobold brigands
  10 bullfrogs
  Blork the orc (D:4)
  4 small abominations
  12 deep troll simulacra
  A cane toad simulacrum (Lair:5)
  4 scorpions
  Dowan (D:6)
  An elephant simulacrum (Lair:5)
  5 lindwurm simulacra
  23 killer bees (D:9)
  7 howler monkeys
  An electric eel (D:7)
  2 jellies
  3 centaur zombies (Ossuary)
  7 hounds
  23 orc priests
  3 bombardier beetles (D:5)
  A sleepcap (D:5)
  2 gnoll boudas
  4 iguanas
  Jessica (D:2)
  Ijyb (D:5)
  27 orc wizards
  3 crocodile zombies (Ossuary)
  3 mummies (Ossuary)
  10 adders
  17 gnolls
  7 river rats (Sewer)
  4 white imps
  3 dart slugs
  2 ribbon worms
  87 orcs
  6 ball pythons
  6 endoplasms
  7 giant cockroaches
  2 gnoll zombies (Ossuary)
  6 hobgoblins
  4 jackals (D:1)
  27 kobolds
  9 quokkas
  5 bats
  2 frilled lizards
  6 goblins
  2 kobold zombies (Ossuary)
  24 rats
  2 rat zombies (D:6)
  7 aspiring fleshes
1980 creatures vanquished.

Vanquished Creatures (collateral kills)
  A golden dragon (Vaults:4)
  A shadow dragon (Vaults:4)
  A tengu reaver (Vaults:5)
  An iron dragon (Vaults:4)
  A vault warden (Vaults:5)
  An ironbound preserver (Vaults:4)
  A deep elf high priest (Vaults:5)
  2 vault guards
  A deep troll (Vaults:4)
  A phantasmal warrior (Vaults:5)
  A yaktaur (shapeshifter) (Vaults:5)
  An orc warrior (Vaults:5)
13 creatures vanquished.

Vanquished Creatures (others)
  A titan (Vaults:5)
  Frances (D:13)
  2 tengu reavers (Vaults:5)
  A fire giant (Depths:1)
  A stone giant (Vaults:5)
  7 vault guards
  A yaktaur captain (Vaults:5)
  An ironbound convoker (Vaults:5)
  A vault sentinel (Vaults:5)
  3 humans (D:13)
  A minotaur simulacrum (Abyss:2)
  An orc wizard (Vaults:5)
  2 orcs (Vaults:5)
  6 starspawn tentacles (Abyss:2)
29 creatures vanquished.

Grand Total: 2022 creatures vanquished

Notes
Turn   | Place    | Note
-------+----------+-------------------------------------------
     0 | D:1      | ragingrage the Coglin Warper began the quest for the Orb.
     0 | D:1      | Reached XP level 1. HP: 16/16 MP: 3/3
    85 | D:1      | Found a faded altar of an unknown god.
   291 | D:1      | Reached XP level 2. HP: 13/22 MP: 4/4
   365 | D:1      | Found Zuug's Assorted Antiques.
   370 | D:1      | Bought an emerald potion for 27 gold pieces
   762 | D:1      | Reached XP level 3. HP: 18/27 MP: 5/5
   808 | D:1      | Reached skill level 1 in Stealth
  1189 | D:2      | Noticed Jessica
  1420 | D:2      | Reached XP level 4. HP: 33/33 MP: 6/6
  1653 | D:2      | Identified the +3 leather armour "Cyry" {Will++ rCorr}
  1881 | D:2      | Found Molod's Distillery.
  1887 | D:2      | Bought a potion of curing for 39 gold pieces
  1887 | D:2      | Bought a potion of lignification for 39 gold pieces
  2070 | D:3      | Found Sycuoc's Jewellery Emporium.
  2073 | D:3      | Found a runed translucent door.
  2074 | D:3      | Noticed AutarchDCSS's ghost (amateur CoMo)
  2143 | D:3      | Found Favisutt's Antique Weapon Shoppe.
  2184 | D:3      | Found Taun Com's Book Shop.
  2366 | D:3      | Found Umeluoti's General Store.
  2370 | D:3      | Bought a potion of might for 48 gold pieces
  2859 | D:4      | Reached skill level 1 in Maces & Flails
  2859 | D:4      | Reached XP level 5. HP: 38/38 MP: 7/7
  2864 | D:4      | Noticed Blork the orc
  2896 | D:4      | Found a glowing drain.
  2924 | Sewer    | Entered a sewer
  3105 | Sewer    | Reached XP level 6. HP: 39/44 MP: 8/8
  4050 | D:5      | Entered Level 5 of the Dungeon
  4130 | D:5      | Reached skill level 5 in Maces & Flails
  4130 | D:5      | Reached XP level 7. HP: 50/50 MP: 9/9
  4130 | D:5      | Noticed cforsyth's ghost (amateur CoBr)
  4187 | D:5      | Found a runed translucent door.
  4518 | D:5      | Noticed Pikel
  4539 | D:4      | Killed Pikel
  4540 | D:4      | Reached XP level 8. HP: 36/56 MP: 10/10
  4910 | D:5      | Noticed Ijyb
  4923 | D:5      | Killed Ijyb
  5110 | D:5      | Found a staircase to the Ecumenical Temple.
  5120 | Temple   | Entered the Ecumenical Temple
  5138 | Temple   | Became a worshipper of Gozag Ym Sagoz the Greedy
  5209 | D:5      | Found a snail-covered altar of Cheibriados.
  5461 | D:5      | Found an iron altar of Okawaru.
  5461 | D:5      | Found a hazy altar of Hepliaklqana.
  5792 | D:6      | Reached XP level 9. HP: 61/61 MP: 11/11
  5950 | D:6      | Found a sand-covered staircase.
  5954 | D:6      | Reached skill level 10 in Maces & Flails
  6008 | D:6      | Noticed Duvessa
  6087 | Ossuary  | Entered an ossuary
  7119 | D:6      | Noticed Dowan
  7129 | D:6      | Killed Duvessa
  7154 | D:6      | Killed Dowan
  7572 | D:7      | Reached skill level 5 in Fighting
  8006 | D:7      | Reached XP level 10. HP: 60/74 MP: 12/12
  8311 | D:1      | Bought 2 bubbling sapphire potions for 55 gold pieces
  8311 | D:1      | Bought a smoky brown potion for 27 gold pieces
  8349 | D:2      | Killed Jessica
  9522 | D:8      | Noticed Jeremiah
 10124 | D:9      | Found a sparkling altar of Nemelex Xobeh.
 10231 | D:9      | Found a runed translucent door.
 10231 | D:9      | Noticed ezpacito's ghost (journeyman DsCK)
 10584 | D:9      | Noticed a two-headed ogre
 11631 | D:9      | Reached XP level 11. HP: 71/81 MP: 13/13
 11937 | D:10     | Entered Level 10 of the Dungeon
 12026 | D:10     | Found a burning altar of Makhleb.
 12275 | D:10     | Found a hide-covered altar of Uskayaw.
 12325 | D:10     | Noticed Sonja
 12329 | D:10     | Sonja changed into Sonja the spriggan
 12329 | D:10     | Noticed Sonja
 12341 | D:10     | Killed Sonja the spriggan
 12855 | D:10     | Noticed Maurice
 12857 | D:10     | Maurice stole a +2 dagger of venom {Yuphin}
 12859 | D:10     | Killed Maurice
 12891 | D:10     | Noticed Snorg
 12907 | D:10     | Killed Snorg
 13118 | D:10     | Found a staircase to the Lair.
 13406 | D:3      | Bought the +7 sceptre of Torment {pain, torment} for 1440
                  | gold pieces
 13406 | D:3      | Found the +7 sceptre of Torment {pain, torment}
 13925 | D:9      | Killed a two-headed ogre
 14292 | D:9      | Learned a level 2 spell: Blink
 14295 | D:9      | Learned a level 2 spell: Lesser Beckoning
 14299 | D:9      | Learned a level 3 spell: Fugue of the Fallen
 14304 | D:9      | Learned a level 4 spell: Manifold Assault
 14332 | D:9      | Reached skill level 15 in Maces & Flails
 15545 | D:11     | Noticed a cyclops
 15585 | D:11     | Killed a cyclops
 15586 | D:11     | Reached XP level 12. HP: 89/89 MP: 14/14
 16543 | Lair:1   | Entered Level 1 of the Lair of Beasts
 16579 | Lair:1   | Reached skill level 5 in Necromancy
 16920 | Lair:1   | Noticed Nergalle
 16927 | Lair:1   | Killed Nergalle
 16963 | Lair:1   | Noticed Urug
 16980 | Lair:1   | Banished Urug
 18020 | Lair:2   | Noticed a seven-headed hydra
 18022 | Lair:2   | Gained mutation: Your flesh is cold resistant. (rC+)
                  | [Coglin growth]
 18022 | Lair:2   | Gained mutation: Your flesh is heat resistant. (rF+)
                  | [Coglin growth]
 18022 | Lair:2   | Reached XP level 13. HP: 98/98 MP: 15/15
 18033 | Lair:2   | Reached skill level 5 in Dodging
 18037 | Lair:2   | Reached skill level 1 in Armour
 18040 | Lair:2   | Reached skill level 1 in Evocations
 18267 | Lair:2   | You fall into a shaft and drop 1 floor!
 18276 | Lair:3   | Reached skill level 2 in Evocations
 19165 | Lair:2   | Reached skill level 3 in Evocations
 19219 | Lair:2   | Found a hole to the Spider Nest.
 19233 | Lair:2   | Noticed Harold
 19351 | Lair:2   | Killed Harold
 19601 | Lair:2   | Noticed a dire elephant
 19651 | Lair:2   | Found a runed translucent door.
 20105 | Lair:2   | Found a staircase to the Shoals.
 20283 | Lair:2   | Reached skill level 4 in Evocations
 20332 | Lair:2   | Killed a dire elephant
 21152 | Lair:4   | Reached skill level 5 in Evocations
 21587 | Lair:5   | Entered Level 5 of the Lair of Beasts
 21626 | Lair:5   | Reached XP level 14. HP: 108/108 MP: 16/16
 21635 | Lair:5   | Reached skill level 5 in Translocations
 21823 | Lair:5   | Reached skill level 6 in Evocations
 21823 | Lair:5   | Found a staircase to the Slime Pits.
 21868 | Lair:5   | Found a runed translucent door.
 21868 | Lair:5   | Found a shimmering altar of Xom.
 21868 | Lair:5   | Noticed LobsterGuardian's ghost (journeyman DrSh)
 22349 | Lair:5   | Noticed a dire elephant
 22349 | Lair:5   | Noticed a dire elephant
 22350 | Lair:5   | Noticed a dire elephant
 22393 | Lair:5   | Noticed a dire elephant
 22403 | Lair:5   | Killed a dire elephant
 22680 | Lair:5   | Killed a dire elephant
 22696 | Lair:5   | Reached skill level 7 in Evocations
 22906 | Lair:5   | Banished a dire elephant
 22907 | Lair:5   | Reached skill level 5 in Armour
 22961 | Lair:5   | Killed a dire elephant
 23678 | D:3      | Killed AutarchDCSS's ghost
 23716 | D:4      | Killed Blork the orc
 23749 | D:5      | Killed cforsyth's ghost
 23983 | D:8      | Killed Jeremiah
 24239 | D:9      | Killed ezpacito's ghost
 24437 | D:12     | Reached skill level 10 in Fighting
 24555 | D:12     | Found a staircase to the Orcish Mines.
 24834 | D:12     | Reached skill level 8 in Evocations
 26213 | D:13     | Reached XP level 15. HP: 103/117 MP: 17/17
 26332 | D:13     | Noticed Frances
 26366 | D:13     | Reached skill level 9 in Evocations
 26473 | D:13     | Killed Frances
 26642 | D:13     | Found a gate to the Vaults.
 26763 | D:13     | Noticed Lodul
 26775 | D:13     | Killed Lodul
 27421 | Orc:1    | Entered Level 1 of the Orcish Mines
 28037 | Orc:1    | Found a roughly hewn altar of Beogh.
 28202 | Orc:2    | Entered Level 2 of the Orcish Mines
 28428 | Orc:2    | Noticed an orc warlord
 28866 | Orc:2    | Found a staircase to the Elven Halls.
 29924 | Orc:2    | Reached skill level 10 in Translocations
 30916 | Orc:2    | Killed an orc warlord
 31571 | Orc:2    | Found Jownuodi's General Store.
 31572 | Orc:2    | Found Yvaenuak's Book Emporium.
 31574 | Orc:2    | Found Yngic's Antique Armour Shoppe.
 31574 | Orc:2    | Found Eduatij's Antique Weapon Shoppe.
 31589 | Orc:2    | Bought a wand of acid (8) for 369 gold pieces
 31589 | Orc:2    | Bought a scroll of revelation for 82 gold pieces
 33047 | D:15     | Entered Level 15 of the Dungeon
 34099 | D:15     | Found a staircase to the Depths.
 34209 | D:15     | Reached XP level 16. HP: 127/127 MP: 3/20
 35487 | Shoals:1 | Entered Level 1 of the Shoals
 36310 | Shoals:1 | Reached skill level 1 in Throwing
 36785 | Shoals:2 | Found Oruhischyele's Armour Shoppe.
 37010 | Shoals:2 | Noticed Ilsuiw
 38004 | Shoals:2 | Killed Ilsuiw
 38949 | Shoals:3 | Noticed Jorgrun
 38949 | Shoals:3 | Noticed Mara
 38953 | Shoals:3 | Killed Jorgrun
 39450 | Shoals:3 | Noticed ragingrage's illusion
 40308 | Shoals:4 | Entered Level 4 of the Shoals
 41056 | Shoals:3 | Reached skill level 5 in Spellcasting
 42135 | Shoals:4 | Identified the +3 leather armour of the Pits of Slime
                  | {Will+ Dex-5 Stlth+}
 42700 | Shoals:4 | Reached skill level 5 in Throwing
 42782 | Shoals:4 | Got a barnacled rune of Zot
 42856 | Shoals:4 | Identified the ring "Larit" {rC+ Stlth+}
 42860 | Shoals:4 | Reached XP level 17. HP: 81/139 MP: 4/24
 44016 | Shoals:3 | Killed Mara
 44521 | Shoals:3 | Reached skill level 10 in Dodging
 44681 | Shoals:3 | Noticed a kraken
 45305 | Spider:1 | Entered Level 1 of the Spider Nest
 45769 | Spider:1 | Noticed Rupert
 45779 | Spider:1 | Killed Rupert
 47382 | Spider:2 | Noticed Arachne
 47384 | Spider:2 | Noticed Agnes
 47388 | Spider:2 | Killed Agnes
 47391 | Spider:2 | Killed Arachne
 47970 | Elf:1    | Entered Level 1 of the Elven Halls
 47982 | Orc:2    | Paralysed by an air elemental for 1 turns
 48265 | Elf:1    | Reached skill level 10 in Evocations
 48570 | Elf:1    | Got Icisub's Omnibus of Fulmination
 48798 | Elf:1    | Found a radiant altar of Vehumet.
 49703 | Elf:2    | Reached XP level 18. HP: 108/147 MP: 3/25
 49841 | Elf:2    | Reached skill level 10 in Necromancy
 49862 | Elf:2    | Found a glacial archway.
 49896 | IceCv    | Entered an ice cave
 50027 | IceCv    | Found the +4 skin of Zhor {*Englaciate rC+++ SInv}
 50245 | IceCv    | Reached skill level 11 in Evocations
 51053 | IceCv    | Reached skill level 15 in Fighting
 51580 | Elf:2    | Reached skill level 12 in Evocations
 52646 | Elf:2    | Found a runed translucent gate.
 52647 | Elf:2    | Found a runed translucent gate.
 52647 | Elf:2    | Found a runed translucent gate.
 52724 | Elf:3    | Entered Level 3 of the Elven Halls
 52728 | Elf:3    | Identified the +7 trident of Domination {distort, Fly rN+
                  | Str+5}
 52791 | Elf:3    | Found Suist's Antique Armour Shop.
 52913 | Elf:3    | Reached skill level 13 in Evocations
 53065 | Elf:3    | Found Mizucydou's Magic Scroll Emporium.
 53162 | Elf:3    | Bought a scroll of fear for 60 gold pieces
 53341 | Elf:3    | Identified the +4 dire flail "Cat Ajix" {drain, Str+5 Int+4
                  | Dex-5}
 53688 | Elf:3    | Noticed a deep elf blademaster
 53689 | Elf:3    | Noticed a deep elf blademaster
 53695 | Elf:3    | Killed a deep elf blademaster
 53697 | Elf:3    | Noticed a deep elf blademaster
 53700 | Elf:3    | Killed a deep elf blademaster
 54322 | Elf:3    | Noticed a deep elf master archer
 54622 | Elf:3    | Killed a deep elf master archer
 54784 | Elf:3    | Noticed a deep elf master archer
 54787 | Elf:3    | Killed a deep elf master archer
 55075 | Elf:3    | Killed a deep elf blademaster
 55648 | Elf:3    | Noticed a deep elf blademaster
 55672 | Elf:3    | Killed a deep elf blademaster
 55834 | Elf:3    | Identified the ring "Piffem" {*Slow rF+ rC+ rN+ SInv}
 56541 | Abyss:2  | Cast into level 2 of the Abyss (a deep elf demonologist)
 56899 | Abyss:2  | Reached XP level 19. HP: 109/127 MP: 24/26
 57468 | Elf:3    | Escaped the Abyss
 57543 | Elf:3    | Identified the ring of Dachore Para {+Blink rF- Will++
                  | SInv}
 57543 | Elf:3    | Identified the staff "Udiciu" {rElec Int+6 Conj Air Earth}
 57567 | Elf:3    | Identified the +8 falchion of Ucwag {freeze, Dex+7}
 58661 | Spider:2 | Got Sif Muna's Lessons on Lapidary Snow
 61045 | Spider:3 | Noticed Roxanne
 61555 | Spider:3 | Found a runed translucent gate.
 61555 | Spider:3 | Found a runed translucent gate.
 61557 | Spider:3 | Found a runed translucent gate.
 61575 | Spider:3 | Noticed gosagan's ghost (adept DECj)
 61601 | Spider:3 | Identified a scroll of acquirement
 61746 | Spider:3 | Noticed Mlioglotl
 61759 | Spider:3 | Killed Mlioglotl
 62125 | Spider:4 | Entered Level 4 of the Spider Nest
 64473 | Elf:3    | Identified the +4 flail of the Lumpy Nightingales {flame,
                  | rPois rC- Int+2 Dex+2}
 64550 | Elf:3    | Identified the +10 trident of Charred Offence {vamp, rElec
                  | Str+3 Dex+4}
 64570 | Elf:3    | Identified the +5 plate armour of Jujizur {Fly rCorr Str+3
                  | Slay-3}
 64897 | Elf:3    | Got the Quarto of the Fetid Faeries
 64907 | Elf:3    | Identified the staff "Mishu" {rPois rF+ Will- Stlth- Conj
                  | Fire}
 64933 | Elf:3    | Identified the -2 kite shield of the Old and Reckless
                  | {rPois rF- rN+++ rCorr}
 64938 | Elf:3    | Got the Directory of Cold
 65795 | Spider:4 | Reached XP level 20. HP: 168/168 MP: 5/29
 66434 | Spider:3 | Banished Roxanne
 66851 | Spider:4 | Reached skill level 14 in Evocations
 68416 | Spider:4 | Got a gossamer rune of Zot
 68597 | Spider:4 | Identified the +0 pair of boots "Idi Xota" {rF+}
 68600 | Spider:4 | Identified the +2 hat "Ukhlurar" {rPois Str+4 Int-3 SInv}
 69261 | Vaults:1 | Entered Level 1 of the Vaults
 69591 | Vaults:1 | Reached skill level 15 in Evocations
 69683 | Vaults:1 | Reached skill level 10 in Armour
 71128 | Vaults:1 | Identified the +3 scale mail of the Vacuum {rC+}
 71426 | Vaults:2 | Found a magical portal.
 71434 | WizLab   | Entered Iskenderun's Mystic Tower
 73094 | WizLab   | Reached XP level 21. HP: 177/177 MP: 13/30
 73715 | WizLab   | Got Iskenderun's Commentary on the Volley
 73715 | WizLab   | Got Iskenderun's Anthology of Conjury
 75285 | Vaults:2 | Reached skill level 15 in Dodging
 75876 | Vaults:3 | Found Usus's Jewellery Shoppe.
 75985 | Vaults:3 | Identified the +7 sling of Dynunyo {drain, ^Drain +Blink
                  | rN+++ Dex-4}
 76774 | Vaults:3 | Found a staircase to the Crypt.
 76781 | Vaults:3 | Reached skill level 16 in Evocations
 78096 | Vaults:3 | Found Usus's Jewellery Shoppe.
 78414 | Vaults:3 | Found a staircase to the Crypt.
 78764 | Vaults:4 | Noticed Zenata
 78773 | Vaults:4 | Killed Zenata
 78777 | Vaults:4 | Noticed Sojobo
 78794 | Vaults:4 | Killed Sojobo
 78795 | Vaults:4 | Reached skill level 17 in Evocations
 79120 | Vaults:4 | Identified the +5 flail of Qoudimic {freeze, rC+ rN+ Dex-4
                  | Stlth+}
 79564 | Vaults:4 | Noticed Norris
 79567 | Vaults:4 | Reached XP level 22. HP: 183/188 MP: 22/31
 79575 | Vaults:4 | Killed Norris
 81265 | Depths:1 | Entered Level 1 of the Depths
 81672 | Depths:1 | Found Suof's Distillery.
 82025 | Depths:1 | Found a sparkling altar of Nemelex Xobeh.
 82278 | Depths:1 | Bought a potion of curing for 51 gold pieces
 82278 | Depths:1 | Bought a potion of heal wounds for 85 gold pieces
 82278 | Depths:1 | Bought 2 potions of brilliance for 136 gold pieces
 82289 | Depths:1 | Found a gateway to Hell.
 82382 | Depths:1 | Found a one-way gate leading to the halls of Pandemonium.
 82647 | Depths:1 | Noticed the Enchantress
 82656 | Depths:1 | Killed the Enchantress
 82973 | Depths:1 | Reached skill level 10 in Throwing
 83161 | Depths:1 | Found a one-way gate to the infinite horrors of the Abyss.
 84268 | Depths:2 | Reached XP level 23. HP: 173/196 MP: 4/32
 84270 | Depths:2 | Noticed a caustic shrike
 84276 | Depths:2 | Killed a caustic shrike
 86570 | Depths:3 | Found a bloodstained altar of Trog.
 88988 | Depths:4 | Entered Level 4 of the Depths
 89094 | Depths:4 | Found a one-way gateway to a ziggurat.
 89094 | Depths:4 | Noticed an ancient lich
 89094 | Depths:4 | Noticed an ancient lich
 89129 | Depths:4 | Found a flickering gateway to a bazaar.
 89176 | Bazaar   | Entered a bazaar
 89239 | Bazaar   | Found Umeraop's Armour Boutique.
 89239 | Bazaar   | Found Gusor's Antique Weapon Shop.
 89240 | Bazaar   | Found Ufyrea's Magic Scroll Emporium.
 89257 | Bazaar   | Bought a scroll of teleportation for 21 gold pieces
 89257 | Bazaar   | Bought a scroll of teleportation for 21 gold pieces
 89257 | Bazaar   | Bought a scroll of revelation for 52 gold pieces
 89271 | Bazaar   | Found Hel Acif's Armour Emporium.
 89279 | Bazaar   | Bought a +2 cloak of stealth for 322 gold pieces
 89363 | Depths:4 | Killed an ancient lich
 89651 | Depths:4 | Killed an ancient lich
 89772 | Depths:4 | Found a gate to the Realm of Zot.
 89779 | Depths:4 | Noticed a golden dragon
 89788 | Depths:4 | Killed a golden dragon
 89789 | Depths:4 | Reached skill level 18 in Evocations
 91487 | Vaults:5 | Entered Level 5 of the Vaults
 91492 | Vaults:5 | Reached skill level 19 in Evocations
 91502 | Vaults:5 | Reached XP level 24. HP: 180/204 MP: 9/32
 91540 | Vaults:5 | Reached skill level 20 in Evocations
 91554 | Vaults:5 | Noticed an ancient lich
 91731 | Vaults:5 | Noticed a dread lich
 91742 | Vaults:5 | Killed a dread lich
 91743 | Vaults:5 | Reached skill level 21 in Evocations
 91809 | Vaults:5 | Killed an ancient lich
 91933 | Vaults:5 | Identified the +9 long sword "Erunlo" {drain, ^Contam
                  | ^Fragile rElec Dex+7}
 92005 | Vaults:5 | Reached skill level 22 in Evocations
 92465 | Vaults:5 | Noticed an ancient lich
 92631 | Vaults:5 | Noticed an ancient lich
 92786 | Vaults:5 | Reached skill level 23 in Evocations
 92806 | Vaults:4 | Killed an ancient lich
 93033 | Vaults:5 | Killed an ancient lich
 93082 | Vaults:5 | Identified the +3 plate armour of the Stone Wall {rCorr}
 93141 | Vaults:5 | Identified the staff of Voxzeop {rPois rF+ Dex+3 Alchemy}
 93219 | Vaults:5 | Identified the +6 dagger of the Genius {heavy, Will+ Int+3}
 93308 | Vaults:5 | Identified the amulet "Wulet" {Acrobat Rampage rN++ Int-5}
 93538 | Vaults:5 | Got a silver rune of Zot
 93716 | Vaults:5 | Identified the +3 ring mail of Rationality {rElec rPois rF-
                  | Regen+}
 94237 | Zot:1    | Entered Level 1 of the Realm of Zot
 94652 | Zot:1    | Reached skill level 24 in Evocations
 94926 | Zot:1    | Noticed an orb of fire
 95011 | Zot:1    | Gained mutation: Armour fits poorly on your strangely
                  | shaped body. [an orb of fire]
 95016 | Zot:1    | Killed an orb of fire
 95081 | Zot:1    | Noticed a curse toe
 95089 | Zot:1    | Killed a curse toe
 95172 | Zot:1    | Noticed a curse toe
 95186 | Zot:1    | Killed a curse toe
 95724 | Zot:1    | Reached XP level 25. HP: 210/210 MP: 15/32
 96903 | Zot:1    | Noticed Vv
 96915 | Zot:1    | Killed Vv
 96916 | Zot:1    | Reached skill level 25 in Evocations
 97554 | Zot:2    | Identified the ring "Gurriorgh" {Ice rN+ Dex+4}
 97554 | Zot:2    | Noticed Josephina
 97646 | Zot:2    | Killed Josephina
 98233 | Zot:2    | Found Toesyheq's CLEARANCE SALE!.
 98242 | Zot:2    | Bought a potion of curing for 15 gold pieces
 98242 | Zot:2    | Bought a wand of paralysis (2) for 24 gold pieces
 98242 | Zot:2    | Bought a scroll of enchant armour for 37 gold pieces
 99223 | Zot:3    | You fall into a shaft and drop 1 floor!
 99308 | Zot:3    | Noticed Parghit
 99327 | Zot:4    | Reached skill level 26 in Evocations
101412 | Zot:4    | Noticed an orb of fire
101851 | Zot:3    | Reached skill level 27 in Evocations
101989 | Zot:5    | Entered Level 5 of the Realm of Zot
102001 | Zot:3    | Reached XP level 26. HP: 218/218 MP: 20/32
102502 | Zot:3    | Killed Parghit
103402 | Zot:4    | Gained mutation: Your spells are a little easier to cast,
                  | but a little less powerful. [an orb of fire]
103408 | Zot:4    | Killed an orb of fire
104973 | Zot:5    | Noticed a Killer Klown
104981 | Zot:5    | Killed a Killer Klown
104984 | Zot:5    | Noticed a Killer Klown
104988 | Zot:5    | Noticed an orb of fire
105048 | Zot:5    | Gained mutation: You sometimes lose your temper in combat.
                  | [an orb of fire]
105055 | Zot:5    | Gained mutation: Potions are less effective at restoring
                  | your health. [an orb of fire]
105057 | Zot:5    | Killed an orb of fire
105060 | Zot:5    | Killed a Killer Klown
105798 | Zot:5    | Noticed a Killer Klown
105810 | Zot:5    | Killed a Killer Klown
105826 | Zot:5    | Lost mutation: Armour fits poorly on your strangely shaped
                  | body. [potion of mutation]
105826 | Zot:5    | Lost mutation: You sometimes lose your temper in combat.
                  | [potion of mutation]
105826 | Zot:5    | Lost mutation: Potions are less effective at restoring your
                  | health. [potion of mutation]
105826 | Zot:5    | Gained mutation: You have a pair of small horns on your
                  | head. [potion of mutation]
105826 | Zot:5    | Gained mutation: Potions are less effective at restoring
                  | your health. [potion of mutation]
105923 | Zot:5    | Noticed a Killer Klown
105942 | Zot:5    | Killed a Killer Klown
106761 | Zot:5    | Noticed a Killer Klown
106767 | Zot:5    | Killed a Killer Klown
107004 | Zot:5    | Noticed an orb of fire
107064 | Zot:5    | Gained mutation: You are dopey. (Int -2) [an orb of fire]
107065 | Zot:5    | Gained mutation: Your health recovers twice as slowly from
                  | being drained. [an orb of fire]
107069 | Zot:5    | Killed an orb of fire
107411 | Zot:5    | Noticed a dread lich
107443 | Zot:5    | Killed a dread lich
107491 | Zot:5    | Noticed a dread lich
107509 | Zot:5    | Killed a dread lich
108409 | Zot:5    | Reached XP level 27. HP: 224/233 MP: 13/32
109121 | Zot:5    | Noticed an orb of fire
109129 | Zot:5    | Gained mutation: You sometimes lose your temper in combat.
                  | [an orb of fire]
109139 | Zot:5    | Gained mutation: Your body sometimes deteriorates upon
                  | taking damage. [an orb of fire]
109150 | Zot:5    | Killed an orb of fire
109283 | Zot:5    | Noticed a dread lich
109284 | Zot:5    | Paralysed by a dread lich for 2 turns
109293 | Zot:5    | Killed a dread lich
109506 | Zot:5    | Got the Orb of Zot
109511 | Zot:5    | Noticed Gum Hene the pandemonium lord
109649 | Depths:1 | Noticed Teon the pandemonium lord
109661 | Depths:1 | Killed Teon the pandemonium lord
110036 | D:$      | Escaped with the Orb!

Illustrated notes

Levels and vault maps discovered:
D:1:      heliophobic_arrival_henge, layout_loops_ring,
          shapermc_ecumenical_altar_gd, serial_shops, nicolae_shop_dealshenge,
          minivault_14, st_stairs_8
D:2:      layout_basic, serial_shops, nicolae_shop_pleasant_corner_grove,
          minmay_misc_feat_cross, uniq_jessica
D:3:      layout_loops_ring, gammafunk_ghost_grave, serial_shops,
          nicolae_shop_back_alley_shop, shop, nicolae_shop_hallway_plus, shop,
          nicolae_twisty_statue_hallways
D:4:      layout_gridville, gup_sewer_entry_pipe, uniq_blork_the_orc
D:5:      layout_gridville, gammafunk_temple_overflow_elements, slow_altar_1,
          minmay_temple_entry_butterflies, hellmonk_ghost_happy_afterlife,
          uniq_pikel, uniq_ijyb
D:6:      layout_loops_ring, enter_ossuary_4, fountainhead, uniq_duvessa
D:7:      layout_loops_ring, nrook_pool_corridor
D:8:      layout_basic, uniq_jeremiah
D:9:      nicolae_whirlpool, layout_loops_corners,
          mainiacjoe_overflow_small_starburst, hellmonk_ghost_big_iron,
          special_room [special_room_bee]
D:10:     layout_grid_maze, mainiacjoe_overflow_paths, lemuel_doored_altar,
          grunt_lair_entry_orc_guard_hut, uniq_sonja, uniq_maurice, uniq_snorg
D:11:     layout_rooms
D:12:     layout_basic, hiddenorc2_lemuel
D:13:     layout_roguey, ximxim_vaults_locker_room, hangedman_decor_points,
          uniq_frances, uniq_lodul
D:14:     layout_cave_pods, nicolae_zig_zag_zippers, nrook_mini_backslash
D:15:     gammafunk_depths_entry_grave, layout_cave_pods
Temple:   nicolae_temple_superstar
Lair:1:   layout_small_grid, cheibrodos_lair_caveside_slide,
          chequers_serial_rivers_micro_e, grunt_megastairs_4,
          infiniplex_staircase_pool_2, uniq_urug, uniq_nergalle
Lair:2:   gammafunk_lair_enchanted_lake, layout_chaotic_city,
          mainiacjoe_shoals_entry_four_pools, spider_nest_entry_funnel_web,
          st_stairs_7, grunt_megastairs_3, uniq_harold
Lair:3:   layout_small_grid, chequers_serial_rivers_small_a
Lair:4:   layout_roguey
Lair:5:   due_jungle_book, layout_long_grid, slime_entry_1, ebering_ghost_xom,
          chequers_serial_rivers_small_a
Shoals:1: layout_shoals, nicolae_shoals_hidden_pirate_stash
Shoals:2: layout_shoals, serial_shops, shop_statue, uniq_ilsuiw
Shoals:3: layout_shoals, uniq_jorgrun, uniq_mara
Shoals:4: shoals_end_grunt_ice, layout_shoals
Spider:1: layout_spider_delve, uniq_rupert
Spider:2: layout_spider_delve, uniq_arachne, uniq_agnes
Spider:3: layout_spider_delve, gammafunk_ghost_tricky_traps, hellmonk_test_site,
          uniq_roxanne, uniq_mlioglotl
Spider:4: guppyfry_spider_rune
Orc:1:    layout_caves, basic_altar
Orc:2:    st_orc_congregation, layout_caves
Elf:1:    minmay_elf_arrival_plus, layout_geoelf_grid, basic_altar,
          minmay_elf_annihilation
Elf:2:    nicolae_elf_blades_crystal_corner, layout_gridlike,
          portal_desolation_entry_salt, portal_ice_cave_entry_ice_simulacra
Elf:3:    minmay_elf_hall, layout_gridlike, serial_shops, shop, shop
Vaults:1: nicolae_vaults_diamond_1, grunt_vaults_funnel,
          nicolae_vaults_trapezoid_lopsided_2, nicolae_vaults_octothorpe,
          nicolae_vaults_yaktaur_gun_rack, nicolae_vaults_network_star,
          layout_vaults_quadrants
Vaults:2: infiniplex_enter_wizlab_spiral, grunt_vaults_trifunnel,
          nicolae_vaults_storage_closets_1, v_misc_25,
          nicolae_vaults_ellipses_ellipsis, dpeg_vaults_monster_row,
          vaults_dpeg_encased_lava, nicolae_vaults_sesquioval_fish,
          hangedman_vaults_corner_blocks, layout_vaults_omnicross
Vaults:3: nicolae_vaults_little_squares_1, nicolae_vaults_steering_wheel,
          nicolae_vaults_closet_pinwheel_5, nicolae_vaults_asterisk,
          nicolae_vaults_tetromino_T_1, nicolae_vaults_heart-shaped_vault,
          v_rooms_6, v_misc_8, v_misc_8, ontoclasm_vaults_spin,
          vaults_room_hallway, vaults_room_guarded_vault,
          layout_vaults_big_room, minmay_crypt_entry_simple_round, serial_shops,
          shop
Vaults:4: vaults_dpeg_spiral, lightli_orcish_oven, grunt_vaults_bifocal,
          hangedman_vaults_hat, nicolae_vaults_lightning_bolt,
          nicolae_vaults_mini_display_case, v_pattern_5,
          vaults_room_stairs_pillars, nicolae_vaults_circle_grid_b, v_misc_3,
          vaults_mumra_lcd, nicolae_vaults_tetromino_L_1,
          layout_vaults_maze_snakey, uniq_sojobo, uniq_zenata, uniq_norris
Vaults:5
Depths:1: layout_cave_shapes, serial_shops, shop, grunt_pan_entry_spiral,
          hell_entry, abyss_entry_crystal, kennysheep_minor_cross,
          nrook_mini_vaults, statue_in_the_mist_lemuel,
          serial_sigils_hangedman_confine, nemelex_xobeh_ov_fountains_minmay,
          uniq_enchantress
Depths:2: minmay_the_grid_plus_closed [minmay_the_grid_doors,
          minmay_the_grid_airy, minmay_the_grid_gridbox,
          minmay_the_grid_plusring, minmay_the_grid_prize_inner_circle],
          layout_honeycomb, pan_entry, chequers_serial_rivers_small_3,
          serial_sigils, serial_sigils_hangedman_etch,
          serial_sigils_hangedman_stare, serial_sigils_hangedman_scar,
          serial_sigils_hangedman_scratch, hell_entry
Depths:3: minmay_connected_triangles_in_corner, layout_basic, bloody_trog,
          abyss_entry_small_statue_room, lightli_too_deep, interstate_on_off,
          serial_bayou_ford_a
Depths:4: evilmike_zot_entry_argh, layout_gridlike, enter_ziggurat_d,
          hell_entry, abyss_entry, serial_shops, bzr_entry_water
Zot:1:    regret_index_zot_pan_timeshare, layout_cathedral_of_symmetry, uniq_vv
Zot:2:    layout_onion_interference, nicolae_shop_clearance, uniq_josephina
Zot:3:    layout_concentric_octagons, regret_index_zotdec_banners, uniq_parghit
Zot:4:    layout_basic, st_stairs_6, lemuel_elevator
Zot:5:    layout_misc_corridors

Skill      XL: |  1  2  3  4  5  6  7  8  9 10 11 12 13 14 15 16 17 18 19 20 21 22 23 24 25 26 27 |
---------------+----------------------------------------------------------------------------------+-----
Long Blades    | 3 |  3.7
Stealth        | 1 2 3 4 |  4.9
Maces & Flails | 1 3 5 8 9 11 13 15 16 | 16.0
Fighting       | 5 6 8 9 10 11 14 16 17 18 19 20 22 23 | 23.2
Necromancy     | 3 6 8 9 10 11 | 11.0
Dodging        | 4 6 8 11 12 13 15 16 18 19 | 19.4
Armour         | 3 5 7 9 10 11 | 11.3
Evocations     | 5 8 9 10 13 15 17 19 24 27 | 27.0
Translocations | 4 7 11 12 | 12.0
Spellcasting   | 3 5 6 |  6.0
Throwing       | 5 6 11 14 | 14.0

Action                     |  1- 3 |  4- 6 |  7- 9 | 10-12 | 13-15 | 16-18 | 19-21 | 22-24 | 25-27 || total
---------------------------+-------+-------+-------+-------+-------+-------+-------+-------+-------++-------
  Melee: Falchion          |    81 |    96 |       |       |       |       |       |       |       ||   177
         Short sword       |    30 |       |       |       |       |       |       |       |       ||    30
         Whip              |    32 |   131 |   356 |   198 |       |       |       |       |       ||   717
         Dagger            |       |    37 |   159 |       |       |       |       |       |       ||   196
         Club              |       |       |   186 |   141 |       |       |       |       |       ||   327
         Flail             |       |       |       |   208 |   670 |  1005 |  1137 |   448 |       ||  3468
         Eveningstar       |       |       |       |   148 |   709 |  1010 |  1143 |   982 |   849 ||  4841
         Demon whip        |       |       |       |       |       |       |       |   512 |   819 ||  1331
         Headbutt          |       |       |       |       |       |       |       |       |    51 ||    51
  Throw: Dart              |       |     7 |    22 |    42 |    32 |     7 |       |       |       ||   110
         Boomerang         |       |       |     2 |     1 |     3 |     1 |       |       |       ||     7
         Throwing net      |       |       |       |     2 |       |       |       |       |     1 ||     3
         Javelin           |       |       |       |       |       |     2 |       |       |       ||     2
   Cast: Fugue of the Fall |       |       |       |     2 |     1 |     4 |    12 |    22 |     9 ||    50
         Manifold Assault  |       |       |       |       |   160 |   525 |   586 |   390 |   351 ||  2012
 Invoke: Potion Petition   |       |       |       |       |       |     2 |     5 |     3 |     2 ||    12
         Bribe Branch      |       |       |       |       |       |       |       |     1 |     2 ||     3
  Evoke: Wand              |       |       |       |     4 |     5 |    11 |       |     5 |    19 ||    44
         Phial of floods   |       |       |       |       |     1 |       |     2 |       |       ||     3
         Lightning rod     |       |       |       |       |       |     2 |     3 |     4 |       ||     9
         Sack of spiders   |       |       |       |       |       |       |     1 |     1 |     2 ||     4
    Use: Scroll            |       |       |    11 |    13 |    10 |     5 |     6 |     9 |     3 ||    57
         Potion            |       |       |       |     2 |       |     5 |    11 |     4 |     6 ||    28
   Stab: Sleeping          |     3 |     9 |     4 |     3 |     5 |       |     5 |     1 |       ||    30
         Distracted        |       |       |     7 |    10 |     4 |     2 |     3 |     6 |     2 ||    34
         Confused          |       |       |       |       |       |       |       |       |     4 ||     4
         Held in net/web   |       |       |       |       |       |       |       |       |     2 ||     2
 Armour: Leather armour    |    62 |    68 |   172 |   194 |   320 |   314 |   398 |    65 |       ||  1593
         Animal skin       |       |       |       |       |       |    67 |    29 |       |       ||    96
         Skin              |       |       |       |       |       |     2 |       |       |       ||     2
         Acid dragon scale |       |       |       |       |       |       |       |   362 |   305 ||   667
  Dodge: Dodged            |    46 |    63 |   124 |   168 |   242 |   311 |   403 |   375 |   252 ||  1984

Table legend: (Time is in decaauts)
 A = Elapsed time spent in this place.
 B = Non-inter-level travel time spent in this place.
 C = Inter-level travel time spent in this place.
 D = Time resting spent in this place.
 E = Time spent auto-exploring this place.
 F = Levels seen in this place.
 G = Mean time per level.
                   A        B        C        D        E       F      G
               +--------+--------+--------+--------+--------+-----+--------+
         Total | 109120 | 101525 |   7595 |  32148 |  57658 |  54 | 2020.7 |
       Dungeon |  24419 |  21187 |   3232 |   5570 |  12429 |  15 | 1627.9 |
        Temple |     36 |      1 |     35 |      0 |      0 |   1 |   36.0 |
          Lair |   8446 |   7463 |    983 |   1579 |   5057 |   5 | 1689.2 |
        Shoals |   9689 |   9378 |    311 |   4635 |   4114 |   4 | 2422.2 |
   Spider Nest |  10366 |  10072 |    294 |   1767 |   7395 |   4 | 2591.5 |
  Orcish Mines |   4662 |   4346 |    316 |   2109 |   1841 |   2 | 2331.0 |
   Elven Halls |  10104 |   9498 |    606 |   4454 |   4041 |   3 | 3368.0 |
        Vaults |  12135 |  11269 |    866 |   1395 |   8665 |   5 | 2427.0 |
        Depths |   8521 |   8035 |    486 |   1414 |   5798 |   4 | 2130.2 |
           Zot |  14538 |  14077 |    461 |   6571 |   6002 |   5 | 2907.6 |
         Abyss |    881 |    881 |      0 |    434 |     24 |   1 |  881.0 |
        Bazaar |    122 |    122 |      0 |      0 |     99 |   1 |  122.0 |
         Sewer |    687 |    687 |      0 |     56 |    390 |   1 |  687.0 |
       Ossuary |    404 |    404 |      0 |    213 |     90 |   1 |  404.0 |
      Ice Cave |   1643 |   1643 |      0 |    622 |    798 |   1 | 1643.0 |
        Wizlab |   2459 |   2459 |      0 |   1324 |    913 |   1 | 2459.0 |
               +--------+--------+--------+--------+--------+-----+--------+

Top non-repeatable levels by time:
   Zot:5: 5930 daAuts
   Elf:3: 5276 daAuts
     D:9: 3520 daAuts
Spider:4: 3331 daAuts
Shoals:2: 3278 daAuts
   Elf:2: 3252 daAuts
Vaults:4: 3154 daAuts
Vaults:3: 2964 daAuts
   Zot:1: 2857 daAuts
   Zot:4: 2691 daAuts
Depths:4: 2670 daAuts
   Orc:2: 2654 daAuts
Shoals:4: 2650 daAuts
  Lair:2: 2611 daAuts
    D:15: 2576 daAuts
